 Dungeon Crawl Stone Soup version 0.21-a0-630-g344d351 (webtiles) character file.

8092 Lanoc the Nimble (level 11, -3/89 HPs)
             Began as a Gnoll Monk on Dec 25, 2017.
             Was a High Priest of Zin.
             Slain by a two-headed ogre
             ... wielding a +0 giant club
              (22 damage)
             ... on level 10 of the Dungeon.
             The game lasted 00:29:43 (8266 turns).

Lanoc the Nimble (Gnoll Monk)                       Turns: 8266, Time: 00:29:44

Health: -3/89      AC: 23    Str: 14    XL:     11   Next: 25%
Magic:  20/20      EV: 10    Int: 12    God:    Zin [*****.]
Gold:   404        SH:  0    Dex: 16    Spells: 22/22 levels left

rFire    + . .     SeeInvis .   w - +6 flail (protect)
rCold    + + .     Gourm    +   (no shield)
rNeg     + + .     Faith    .   q - +0 shadow dragon scales
rPois    .         Spirit   .   e - +0 helmet
rElec    .         Reflect  .   d - +0 cloak
rCorr    .         Harm     .   o - +0 pair of gloves
MR       .....                  (no boots)
Stlth    +++++.....             B - amulet of the gourmand
HPRegen  0.24/turn              a - ring of protection from fire
MPRegen  0.17/turn              E - ring of the Assorted People {+Fly rC++ rN++ Dex-5}

@: protection aura
A: distributed training, fangs 1, strong nose
a: Recite, Vitalisation, Imprison, Sanctuary, Donate Gold, Renounce Religion,
Evoke Flight


You were on level 10 of the Dungeon.
You worshipped Zin.
Zin was extremely pleased with you.
You were very full.

You visited 2 branches of the dungeon, and saw 11 of its levels.

You collected 448 gold pieces.
You donated 44 gold pieces to Zin.

Inventory:

Hand Weapons
 w - a +6 flail of protection (weapon)
 x - a +1 falchion of electrocution
 I - a +0 great mace of holy wrath
Missiles
 p - 86 sling bullets
 r - 49 bolts
 K - 6 javelins of returning (quivered)
Armour
 d - a +0 cloak (worn)
 e - a +0 helmet (worn)
 o - a +0 pair of gloves (worn)
 q - +0 shadow dragon scales (worn)
Jewellery
 a - a ring of protection from fire (left hand)
 B - an amulet of the gourmand (around neck)
 E - the ring of the Assorted People (right hand) {+Fly rC++ rN++ Dex-5}
   (You found it on level 7 of the Dungeon)

   [ring of flight]

   It affects your dexterity (-5).
   It greatly protects you from cold.
   It greatly protects you from negative energy.
   It lets you fly.
 H - an uncursed ring of ice
Wands
 u - a wand of paralysis (36)
 F - a wand of digging (17)
Scrolls
 f - 2 scrolls of teleportation {unknown}
 h - a scroll of random uselessness {unknown}
 l - a scroll of immolation {unknown}
 n - 2 scrolls of blinking {unknown}
 t - 2 scrolls of enchant weapon
 y - a scroll of summoning {unknown}
 A - 2 scrolls of amnesia
 D - 2 scrolls of remove curse
 J - a scroll of identify
Potions
 g - 2 potions of curing
 i - 3 potions of magic
 j - 4 potions of flight
 k - 3 potions of heal wounds
 m - a potion of mutation {unknown}
 s - 3 potions of cancellation
 v - a potion of lignification {unknown}
 z - a potion of ambrosia {unknown}
 C - a potion of invisibility {unknown}
 L - a potion of haste {unknown}
Books
 G - a book of Minor Magic

   Spells                             Type                      Level
   a - Magic Dart                     Conjuration                  1
   b - Blink                          Translocation                2
   c - Call Imp                       Summoning                    2
   d - Slow                           Hexes                        2
   e - Conjure Flame                  Conjuration/Fire             3
   f - Mephitic Cloud                 Conjuration/Poison/Air       3
Comestibles
 c - 10 rations


   Skills:
 + Level 9.0 Fighting
 + Level 6.0 Short Blades
 + Level 9.0 Long Blades
 + Level 6.0 Axes
 + Level 6.0 Maces & Flails
 + Level 6.0 Polearms
 + Level 6.0 Staves
 + Level 6.0 Slings
 + Level 6.0 Bows
 + Level 6.0 Crossbows
 + Level 6.0 Throwing
 + Level 6.0 Armour
 + Level 9.0 Dodging
 + Level 7.4 Stealth
 + Level 6.0 Shields
 + Level 6.0 Unarmed Combat
 + Level 6.0 Spellcasting
 + Level 5.0 Conjurations
 + Level 5.0 Hexes
 + Level 5.0 Charms
 + Level 5.0 Summonings
 + Level 5.0 Necromancy
 + Level 5.0 Translocations
 + Level 5.0 Transmutations
 + Level 5.0 Fire Magic
 + Level 5.0 Ice Magic
 + Level 5.0 Air Magic
 + Level 5.0 Earth Magic
 + Level 5.0 Poison Magic
 + Level 6.6 Invocations
 + Level 6.0 Evocations


You had 22 spell levels left.
You didn't know any spells.

Dungeon Overview and Level Annotations

Branches:
Dungeon (10/15)            Temple (1/1) D:7             Orc (0/2) D:9
   Lair: D:8-11

Altars:
Dithmenos
Makhleb
Nemelex Xobeh
Okawaru
Qazlal
Sif Muna
Xom
Yredelemnul
Zin

Shops:
D:4 !   D:7 }   D:9 ?!


Innate Abilities, Weirdness & Mutations

Your experience applies equally to all skills.
You have very sharp teeth.
Your uncanny sense of smell can sniff out nearby items.


Message History

The two-headed ogre hits you with a giant club.
You sock the two-headed ogre!
The two-headed ogre is heavily wounded.
The two-headed ogre barely misses you.
The two-headed ogre hits you with a giant club!
You sock the two-headed ogre!
The two-headed ogre is severely wounded.
The two-headed ogre hits you with a giant club! x2
* * * LOW HITPOINT WARNING * * *
You barely miss the two-headed ogre.
The two-headed ogre is severely wounded.
You sock the two-headed ogre! You bite the two-headed ogre.
The two-headed ogre is almost dead.
The two-headed ogre hits you but does no damage.
The two-headed ogre hits you with a giant club.
* * * LOW HITPOINT WARNING * * *
You barely miss the two-headed ogre.
The two-headed ogre is almost dead.
The two-headed ogre hits you with a giant club!!
You die...

##################
#...........}....#
#................#
#####........##@...##
##..##...##.(.##O...#
#...##...#######.....#
#...###'### #.....#
#.).......# #.....#
##..##....# #....##
.#..##....# ######
....'.....#
<...#.....#


You could see a two-headed ogre.

Vanquished Creatures
  5 two-headed ogres
  Pikel (D:5)
  Maurice (D:8)
  5 hippogriffs
  Sigmund (D:3)
  A wyvern (D:9)
  Edmund (D:4)
  2 orc warriors (D:9)
  4 ogres
  A black bear (D:8)
  A phantom (D:9)
  A slave (D:5)
  2 centaurs (D:7)
  A big kobold (D:8)
  5 bullfrogs
  2 scorpions
  13 wights
  A jelly (D:9)
  3 howler monkeys (D:7)
  2 crimson imps (D:7)
  2 hounds
  An orc priest (D:4)
  8 orc wizards
  A centaur skeleton (D:7)
  9 worker ants
  2 iguanas
  A howler monkey zombie (D:7)
  Robin (D:3)
  A howler monkey skeleton (D:7)
  10 adders
  A shadow imp (D:5)
  An adder skeleton (D:5)
  An adder zombie (D:8)
  2 worms (D:2)
  2 dart slugs (D:2)
  2 leopard geckos
  19 orcs
  8 bats
  8 giant cockroaches
  11 goblins
  7 hobgoblins
  6 jackals
  12 kobolds
  A quokka (D:5)
  2 ball pythons (D:5)
  3 frilled lizards
  A leopard gecko skeleton (D:4)
  9 rats
185 creatures vanquished.

Vanquished Creatures (others)
  A worker ant (D:5)
1 creature vanquished.

Grand Total: 186 creatures vanquished

Notes
Turn   | Place    | Note
-------+----------+-------------------------------------------
     0 | D:1      | Lanoc the Gnoll Monk began the quest for the Orb.
     0 | D:1      | Reached XP level 1. HP: 23/23 MP: 1/1
    87 | D:1      | Reached XP level 2. HP: 24/29 MP: 2/2
   636 | D:1      | Reached XP level 3. HP: 17/35 MP: 3/3
   882 | D:2      | Found a basalt altar of Yredelemnul.
   888 | D:2      | Reached skill level 1 in Invocations
   900 | D:2      | Found a shadowy altar of Dithmenos.
   901 | D:2      | Found a deep blue altar of Sif Muna.
  1165 | D:2      | Found a faded altar of an unknown god.
  1187 | D:2      | Reached skill level 1 in Short Blades
  1187 | D:2      | Reached skill level 1 in Axes
  1187 | D:2      | Reached skill level 1 in Maces & Flails
  1187 | D:2      | Reached skill level 1 in Polearms
  1187 | D:2      | Reached skill level 1 in Staves
  1187 | D:2      | Reached skill level 1 in Slings
  1187 | D:2      | Reached skill level 1 in Bows
  1187 | D:2      | Reached skill level 1 in Crossbows
  1187 | D:2      | Reached skill level 1 in Throwing
  1187 | D:2      | Reached skill level 1 in Armour
  1187 | D:2      | Reached skill level 1 in Shields
  1187 | D:2      | Reached skill level 1 in Unarmed Combat
  1187 | D:2      | Reached skill level 1 in Spellcasting
  1187 | D:2      | Reached skill level 1 in Evocations
  1199 | D:2      | Became a worshipper of Zin the Law-Giver
  1199 | D:2      | Reached * piety under Zin
  1199 | D:2      | Reached ** piety under Zin
  1242 | D:2      | Reached XP level 4. HP: 33/41 MP: 5/5
  1383 | D:3      | Reached *** piety under Zin
  1570 | D:3      | Found a sparkling altar of Nemelex Xobeh.
  1615 | D:3      | Reached skill level 1 in Conjurations
  1615 | D:3      | Reached skill level 1 in Hexes
  1615 | D:3      | Reached skill level 1 in Charms
  1615 | D:3      | Reached skill level 1 in Summonings
  1615 | D:3      | Reached skill level 1 in Necromancy
  1615 | D:3      | Reached skill level 1 in Translocations
  1615 | D:3      | Reached skill level 1 in Transmutations
  1615 | D:3      | Reached skill level 1 in Fire Magic
  1615 | D:3      | Reached skill level 1 in Ice Magic
  1615 | D:3      | Reached skill level 1 in Air Magic
  1615 | D:3      | Reached skill level 1 in Earth Magic
  1615 | D:3      | Reached skill level 1 in Poison Magic
  1861 | D:3      | Noticed Robin
  1874 | D:3      | Killed Robin
  1914 | D:3      | Reached **** piety under Zin
  1936 | D:3      | Reached XP level 5. HP: 47/47 MP: 6/6
  2038 | D:4      | Found Odwatoh's Distillery.
  2065 | D:4      | Noticed Edmund
  2217 | D:4      | Killed Edmund
  2217 | D:4      | Reached XP level 6. HP: 4/53 MP: 6/8
  2491 | D:3      | Noticed Sigmund
  2507 | D:3      | Killed Sigmund
  2592 | D:4      | Noticed a fire elemental
  2597 | D:4      | Found a stormy altar of Qazlal.
  2598 | D:4      | Noticed a water elemental
  2599 | D:4      | Noticed an air elemental
  2622 | D:4      | Reached XP level 7. HP: 49/59 MP: 10/10
  2744 | D:4      | Reached ***** piety under Zin
  3145 | D:5      | Entered Level 5 of the Dungeon
  3219 | D:5      | Noticed Pikel
  3249 | D:5      | Killed Pikel
  3249 | D:5      | Reached skill level 5 in Stealth
  3249 | D:5      | Reached XP level 8. HP: 61/67 MP: 10/12
  4317 | D:6      | Found an iron altar of Okawaru.
  4925 | D:7      | Noticed a hippogriff
  4948 | D:7      | Killed a hippogriff
  4977 | D:7      | Got a brightly glowing amber ring
  4978 | D:7      | Identified the ring of the Assorted People {+Fly rC++ rN++ Dex-5} (You found it on level 7 of the Dungeon)
  5023 | D:7      | Found a burning altar of Makhleb.
  5028 | D:7      | Noticed a hippogriff
  5053 | D:7      | Killed a hippogriff
  5053 | D:7      | Reached XP level 9. HP: 47/73 MP: 14/14
  5158 | D:7      | Found Mocwim's Gadget Shop.
  5232 | D:7      | Found a staircase to the Ecumenical Temple.
  5240 | Temple   | Entered the Ecumenical Temple
  5723 | D:8      | Noticed a two-headed ogre
  5944 | D:8      | Killed a two-headed ogre
  5944 | D:8      | Reached skill level 5 in Invocations
  5944 | D:8      | Reached XP level 10. HP: 68/80 MP: 15/17
  6128 | D:8      | Noticed a two-headed ogre
  6133 | D:8      | Noticed Maurice
  6175 | D:8      | Killed Maurice
  6587 | D:8      | Reached skill level 5 in Short Blades
  6587 | D:8      | Reached skill level 5 in Axes
  6587 | D:8      | Reached skill level 5 in Maces & Flails
  6587 | D:8      | Reached skill level 5 in Polearms
  6587 | D:8      | Reached skill level 5 in Staves
  6587 | D:8      | Reached skill level 5 in Slings
  6587 | D:8      | Reached skill level 5 in Bows
  6587 | D:8      | Reached skill level 5 in Crossbows
  6587 | D:8      | Reached skill level 5 in Throwing
  6587 | D:8      | Reached skill level 5 in Armour
  6587 | D:8      | Reached skill level 5 in Shields
  6587 | D:8      | Reached skill level 5 in Unarmed Combat
  6587 | D:8      | Reached skill level 5 in Spellcasting
  6587 | D:8      | Reached skill level 5 in Evocations
  6678 | D:8      | Killed a two-headed ogre
  7182 | D:9      | Found a staircase to the Orcish Mines.
  7183 | D:9      | Found Nucilall's Magic Scroll Shop.
  7203 | D:9      | Found Qixuren's Distillery.
  7461 | D:9      | Found a sparkling altar of Nemelex Xobeh.
  7485 | D:9      | Noticed a two-headed ogre
  7501 | D:9      | Killed a two-headed ogre
  7720 | D:9      | Noticed a skeletal warrior
  7720 | D:9      | Noticed a skeletal warrior
  7720 | D:9      | Noticed a skeletal warrior
  8046 | D:9      | Reached XP level 11. HP: 76/87 MP: 19/19
  8057 | D:9      | Noticed a two-headed ogre
  8069 | D:9      | Killed a two-headed ogre
  8172 | D:9      | Noticed a two-headed ogre
  8183 | D:9      | Killed a two-headed ogre
  8183 | D:9      | Reached skill level 5 in Conjurations
  8183 | D:9      | Reached skill level 5 in Hexes
  8183 | D:9      | Reached skill level 5 in Charms
  8183 | D:9      | Reached skill level 5 in Summonings
  8183 | D:9      | Reached skill level 5 in Necromancy
  8183 | D:9      | Reached skill level 5 in Translocations
  8183 | D:9      | Reached skill level 5 in Transmutations
  8183 | D:9      | Reached skill level 5 in Fire Magic
  8183 | D:9      | Reached skill level 5 in Ice Magic
  8183 | D:9      | Reached skill level 5 in Air Magic
  8183 | D:9      | Reached skill level 5 in Earth Magic
  8183 | D:9      | Reached skill level 5 in Poison Magic
  8227 | D:10     | Entered Level 10 of the Dungeon
  8258 | D:10     | Noticed a two-headed ogre
  8266 | D:10     | Slain by a two-headed ogre

Vault maps used:
D:1:      kennysheep_arrival_forest
D:2:      gammafunk_temple_overflow_forgotten, first_ration,
          chequers_ecumenical_altar_simple_redux
D:3:      nemelex_lonely_heart_becter, uniq_sigmund, uniq_robin
D:4:      nicolae_qazlal_style_of_elements, serial_shops, shop, uniq_edmund
D:5:      uniq_pikel
D:6:      lemuel_crystal_altar, nicolae_overflow_hidden_temple
D:7:      minmay_temple_entry_enclosed_plants, basic_altar, serial_shops,
          nicolae_shop_window_shopping
D:8:      uniq_maurice
D:9:      nemelex_altar_shiori, orc_0_dummy, serial_shops, shop, shop
Temple:   regret_index_temple_waves

Skill      XL: |  1  2  3  4  5  6  7  8  9 10 11 |
---------------+----------------------------------+-----
Invocations    | 1 2 3 4 5 6 |  6.6
Short Blades   | 1 2 3 4 5 6 |  6.0
Axes           | 1 2 3 4 5 6 |  6.0
Maces & Flails | 1 2 3 4 5 6 |  6.0
Polearms       | 1 2 3 4 5 6 |  6.0
Staves         | 1 2 3 4 5 6 |  6.0
Slings         | 1 2 3 4 5 6 |  6.0
Bows           | 1 2 3 4 5 6 |  6.0
Crossbows      | 1 2 3 4 5 6 |  6.0
Throwing       | 1 2 3 4 5 6 |  6.0
Armour         | 1 2 3 4 5 6 |  6.0
Shields        | 1 2 3 4 5 6 |  6.0
Unarmed Combat | 1 2 3 4 5 6 |  6.0
Spellcasting   | 1 2 3 4 5 6 |  6.0
Evocations     | 1 2 3 4 5 6 |  6.0
Conjurations   | 1 2 3 4 5 |  5.0
Hexes          | 1 2 3 4 5 |  5.0
Charms         | 1 2 3 4 5 |  5.0
Summonings     | 1 2 3 4 5 |  5.0
Necromancy     | 1 2 3 4 5 |  5.0
Translocations | 1 2 3 4 5 |  5.0
Transmutations | 1 2 3 4 5 |  5.0
Fire Magic     | 1 2 3 4 5 |  5.0
Ice Magic      | 1 2 3 4 5 |  5.0
Air Magic      | 1 2 3 4 5 |  5.0
Earth Magic    | 1 2 3 4 5 |  5.0
Poison Magic   | 1 2 3 4 5 |  5.0
Fighting       | 7 8 9 |  9.0
Long Blades    | 7 8 9 |  9.0
Dodging        | 7 8 9 |  9.0
Stealth        | 5 6 7 |  7.4

Action                   |  1- 3 |  4- 6 |  7- 9 | 10-12 || total
-------------------------+-------+-------+-------+-------++-------
Melee: Falchion          |    95 |   108 |       |       ||   203
       Bite              |    15 |    20 |    18 |    43 ||    96
       Punch             |     1 |       |     6 |     5 ||    12
       Flail             |       |    18 |   245 |   276 ||   539
Invok: Recite            |       |     1 |       |       ||     1
  Use: Scroll            |       |     7 |     2 |       ||     9
       Potion            |       |       |     1 |     1 ||     2
 Stab: Sleeping          |    11 |     9 |     4 |    17 ||    41
       Distracted        |       |       |     1 |       ||     1
  Eat: Chunk             |     1 |     3 |    14 |     8 ||    26
       Ration            |       |     1 |     1 |       ||     2
Armor: Robe              |    23 |     6 |       |       ||    29
       Shadow dragon sca |       |    34 |   217 |   158 ||   409
Dodge: Dodged            |   101 |    47 |   165 |   143 ||   456
       Rpst.: Falchion   |    34 |    12 |       |       ||    46

Table legend:
 A = Spawn XP
 B = Non-spawn XP
 C = Spawn XP percentage of total XP
 D = Spawn monster count
 E = Non-spawn monster count
 F = Spawn count percentage of total count
 G = Total turns spent on level
                    A         B        C        D         E        F      G
               +---------+---------+-------+---------+---------+-------+---------
         Total |       0 |   11561 |   0.0 |       0 |     184 |   0.0 |  8266
               +---------+---------+-------+---------+---------+-------+---------
           D:1 |       0 |      42 |   0.0 |       0 |      19 |   0.0 |   796
           D:2 |       0 |      45 |   0.0 |       0 |      21 |   0.0 |   584
           D:3 |       0 |     309 |   0.0 |       0 |      23 |   0.0 |   930
           D:4 |       0 |     405 |   0.0 |       0 |      10 |   0.0 |   835
           D:5 |       0 |     779 |   0.0 |       0 |      12 |   0.0 |   885
           D:6 |       0 |     107 |   0.0 |       0 |       4 |   0.0 |   806
           D:7 |       0 |    1765 |   0.0 |       0 |      25 |   0.0 |  1149
           D:8 |       0 |    3499 |   0.0 |       0 |      31 |   0.0 |  1264
           D:9 |       0 |    4488 |   0.0 |       0 |      38 |   0.0 |   976
          D:10 |       0 |     122 |   0.0 |       0 |       1 |   0.0 |    39
               +---------+---------+-------+---------+---------+-------+---------
